Map: Overgrown Facility

Players

Lolwut

  • Race: Zerg Zerg
  • League: Diamond
  • Spawn Location: 9:00

titration

  • Race: Protoss Protoss
  • Spawn Location: 7:00

OpuS - Winner!

  • Race: Protoss Protoss
  • League: Platinum
  • Spawn Location: 1:00

Sketchaphone - Winner!

  • Race: Zerg Zerg
  • League: Platinum
  • Spawn Location: 3:00

VOD

Have the link to the VOD?

Description

Time

  • Played on: Feb. 18, 2019, 9:45 p.m.
  • Length: 7:27
Show
View Real Time Build Order
Export as new Build Order

Lolwut Zerg 

Build Orders: Hatch First 

Get SALT Encoding   

  12  0:00  Drone  
  13  0:09  Drone  
  14  0:25  Overlord  
  14  0:43  Hatchery  
  14  0:47  Drone  
  14  0:50  Drone  
  14  0:55  Drone  
  16  0:59  Drone  
  16  1:01  Extractor  
  16  1:17  Spawning Pool  
  15  1:20  Drone  
  16  1:28  Drone  
  16  1:30  Drone  
  18  1:40  Drone  
  19  1:53  Overlord  
  19  1:58  Drone  
  20  2:07  Drone x2  
  20  2:08  Lair  
  22  2:14  Queen  
  24  2:17  Drone  
  25  2:24  Drone x2  
  25  2:27  Drone  
  28  2:39  Zergling x4  
  28  2:40  Metabolic Boost  
  30  2:47  Zergling x2  
  31  2:52  Zergling x2  
  32  2:59  Queen  
  32  3:03  Extractor  
  33  3:06  Roach Warren  
  32  3:14  Drone x4  
  34  3:28  Zergling x2  
  34  3:29  Zergling x2  
  35  3:43  Zergling x2  
  35  3:44  Zergling x2  
  35  3:45  Overlord x2  
  36  3:49  Nydus Network  
  35  4:03  Queen x2  
  39  4:16  Zergling x2  
  39  4:17  Zergling x10  
  41  4:36  Roach  
  43  4:42  Overlord x2  
  43  4:43  Overlord x2  
  43  4:55  Nydus Canal  
  37  5:00  Overseer  
  37  5:03  Roach  
  37  5:04  Roach x3  
  47  5:14  Roach  
  47  5:17  Roach x2  
  51  5:24  Roach  
  51  5:25  Roach  
  51  5:27  Roach  
  49  5:39  Roach  
  49  5:40  Roach  
  36  5:47  Roach  
  29  5:56  Zergling x4  
  21  6:16  Zergling x2  
  21  6:17  Zergling x2  
  19  6:34  Zergling x2  
  20  6:46  Drone  
  21  6:47  Drone  
  22  6:57  Drone  
  23  7:13  Drone x2  
Show
View Real Time Build Order
Export as new Build Order

titration Protoss 

Build Orders:  

Get SALT Encoding   

  12  0:01  Probe  
  13  0:13  Probe  
  14  0:23  Pylon  
  14  0:25  Probe  
  15  0:30  Assimilator  
  15  0:41  Probe  
  16  0:47  Gateway  
  16  0:52  Probe  
  17  1:00  Probe  
  17  1:08  Probe  
  19  1:20  Probe  
  19  1:21  Gateway  
  20  1:32  Probe  
  21  1:35  Cybernetics Core  
  21  1:37  Pylon  
  21  1:44  Probe  
  22  1:56  Probe  
  23  2:02  Assimilator  
  23  2:08  Probe  
  24  2:11  Stalker  
  24  2:12  Sentry  
  28  2:15  Warp Gate  
  28  2:20  Probe  
  28  2:21  Pylon  
  29  2:31  Adept  
  29  2:32  Adept  
  31  3:02  Stalker  
  31  3:04  Stalker  
  35  3:10  Gateway  
  35  3:11  Gateway  
  35  3:13  Probe  
  36  3:25  Probe  
  29  3:42  Adept  
  27  4:26  Pylon  
  27  4:28  Pylon  
  27  5:07  Nexus  
  27  6:36  Zealot x2  
  31  7:00  Zealot x2  
  35  7:14  Pylon  
  35  7:16  Pylon  
Show
View Real Time Build Order
Export as new Build Order

OpuS Protoss - Winner!

Build Orders:  

Get SALT Encoding   

  12  0:01  Probe  
  13  0:13  Probe  
  14  0:24  Pylon  
  14  0:25  Probe  
  15  0:42  Probe  
  16  0:45  Gateway  
  16  0:52  Probe  
  16  0:55  Assimilator  
  17  1:00  Probe  
  17  1:03  Assimilator  
  18  1:08  Probe  
  19  1:19  Probe  
  19  1:22  Gateway  
  20  1:27  Probe  
  21  1:35  Cybernetics Core, Probe  
  22  1:43  Pylon  
  22  1:47  Probe  
  22  1:53  Pylon  
  23  2:11  Stalker x2  
  23  2:13  Warp Gate  
  27  2:17  Probe  
  28  2:44  Nexus  
  28  2:54  Stalker  
  28  2:57  Stalker  
  31  3:08  Probe  
  32  3:13  Gateway  
  32  3:20  Probe  
  31  3:38  Stalker  
  31  3:39  Stalker  
  33  3:42  Gateway  
  33  3:52  Twilight Council  
  33  3:56  Probe x2  
  35  4:09  Charge  
  35  4:10  Probe  
  35  4:11  Probe  
  37  4:19  Stalker  
  37  4:20  Stalker  
  37  4:23  Probe  
  37  4:24  Probe  
  43  4:39  Zealot x2  
  43  4:41  Probe  
  43  4:42  Probe  
  49  4:49  Zealot  
  49  4:50  Zealot  
  53  4:55  Pylon  
  53  4:59  Pylon  
  53  5:16  Zealot x2  
  53  5:17  Zealot x2  
  61  5:37  Stalker x3  
  61  5:38  Stalker  
  69  5:50  Probe  
  69  5:55  Pylon  
  70  5:57  Pylon  
  70  5:58  Probe  
  70  6:02  Probe  
  70  6:13  Probe  
  67  6:25  Probe  
  67  6:30  Assimilator  
  68  6:34  Pylon  
  68  6:35  Assimilator  
  68  6:36  Pylon  
  68  6:37  Zealot x4  
  68  6:38  Pylon  
  70  6:59  Probe x2  
  72  7:03  Gateway  
  72  7:05  Gateway  
  72  7:07  Gateway  
  72  7:09  Gateway  
  72  7:11  Probe  
  72  7:12  Probe  
  74  7:22  Forge  
Show
View Real Time Build Order
Export as new Build Order

Sketchaphone Zerg - Winner!

Build Orders: Pool First 

Get SALT Encoding   

  12  0:01  Drone  
  13  0:12  Overlord  
  13  0:19  Drone  
  14  0:22  Extractor  
  14  0:23  Drone  
  15  0:31  Drone  
  15  0:34  Drone  
  17  0:50  Spawning Pool  
  17  0:51  Drone  
  17  0:56  Drone  
  17  0:57  Extractor  
  17  1:19  Hatchery  
  16  1:28  Drone  
  16  1:29  Drone  
  18  1:37  Zergling x2  
  18  1:39  Zergling x2  
  20  1:49  Queen  
  20  1:51  Overlord  
  22  1:59  Metabolic Boost  
  22  2:09  Zergling x2  
  22  2:12  Zergling x2  
  24  2:22  Zergling x2  
  25  2:31  Overlord  
  25  2:33  Zergling x2  
  25  2:35  Queen  
  26  2:55  Zergling x6  
  26  2:57  Zergling x2  
  30  3:03  Evolution Chamber  
  30  3:05  Drone  
  30  3:06  Zergling x6  
  32  3:20  Zergling x4  
  34  3:30  Zergling x4  
  34  3:32  Drone x3  
  38  3:41  Zergling x2  
  37  3:50  Zergling x6  
  40  4:04  Zergling x2, Zerg Melee Weapons Level 1  
  40  4:05  Overlord  
  39  4:21  Zergling x4  
  39  4:22  Zergling x4  
  43  4:31  Overlord x2  
  43  4:40  Zergling x8  
  47  4:47  Evolution Chamber  
  40  5:12  Zergling x16  
  40  5:13  Zergling x2  
  49  5:17  Drone  
  50  5:31  Zergling x2  
  50  5:32  Zergling x2  
  50  5:40  Zergling x4  
  47  5:55  Zergling x10  
  47  6:10  Overlord  
  44  6:25  Lair  
  44  6:27  Zergling x8  
  44  6:29  Drone  
  48  7:01  Overlord  
Tags
 
Add a new tag
Caveats
  • Supply blocks, unpowered buildings, or Contaminate may cause inaccurate times.
  • Supply counts are checked every 10 seconds.